[Event "*** SCC Grand Prix: Titled Tuesday Blitz"]
[Site "Chess.com"]
[Date "2020.08.11"]
[Round "5"]
[White "Isajevsky_Anton"]
[Black "Azeryahu"]
[Result "0-1"]
[WhiteElo "2597"]
[BlackElo "2774"]
[TimeControl "180+1"]
[EndTime "10:56:58 PDT"]
[Termination "Azeryahu won on time"]

1. c4 g6 2. g3 Bg7 3. Bg2 c5 4. Nc3 Nc6 5. Nf3 d6 6. O-O e6 7. Rb1 Nge7 8. a3 b6 9. b4 Bb7 10. e3 Bxc3 11. dxc3 Qd7 12. e4 h6 13. Be3 Qc7 14. Qd2 g5 15. Rfd1 Rd8 16. h4 f6 17.
b5 Na5 18. Qd3 Ng6 19. Bh3 Kf7 20. Nd2 Ne5 21. Qe2 Rdg8 22. Kh2 gxh4 23. gxh4 h5 24. Rg1 d5 25. f4 Nexc4 26. Nxc4 Nxc4 27. Rxg8 Rxg8 28. Qxh5+ Kf8 29. Bxe6 Nxe3 30. Qh6+ Qg7 31. Qxg7+ Rxg7 32. exd5 Rg2+ 33. Kh3 Rd2 34. c4 Nxc4 35. Rg1 Nd6 36. Rg8+ Ke7 37. Rg7+ Kd8 38. Rd7+ Ke8 39. Rxd6 c4 40. Rd7 Bc8 41. Rc7 Bxe6+ 42. dxe6 f5 43. h5 Rd3+ 44. Kh4 c3 45. Kg5 Kd8 46. Rc6 Ke7 47. Kxf5 Rd5+ 48. Kg6 Rc5 49. Rxc5 bxc5 50. f5 c2 51. f6+ Kxe6 52. f7 c1=Q 53. f8=Q Qg1+ 54. Kh7 Qb1+ 55. Kh8 Qb2+ 56. Qg7 Qxg7+ 57. Kxg7 c4 58. h6 c3 59. h7 c2 60. h8=Q c1=Q 61. Qe8+ Kd6 62. Qd8+ Ke6 63. Qf6+ Kd7 64. Qd4+ Kc8 65.
Qxa7 Qb2+ 66. Kf7 Qxb5 0-1

[Event "*** SCC Grand Prix: Titled Tuesday Blitz"]
[Site "Chess.com"]
[Date "2020.08.11"]
[Round "5"]
[White "Skatchkov_V"]
[Black "rasmussvane"]
[Result "0-1"]
[WhiteElo "2634"]
[BlackElo "2878"]
[TimeControl "180+1"]
[EndTime "10:57:01 PDT"]
[Termination "rasmussvane won on time"]

1. d4 d5 2. c4 e6 3. Nf3 a6 4. cxd5 exd5 5. Nc3 Nf6 6. Bg5 Be6 7.
e3 Nbd7 8. Bd3 Bd6 9. O-O c6 10.
Bf4 Qc7 11. Bg3 O-O 12. Qc2 Bxg3 13. hxg3 Bg4 14. Nh2 Bh5 15. Nf3 Bg6 16. a3 Rfe8 17.
Nd2 Bxd3 18. Qxd3 g6 19. Rac1 Kg7 20. b4 Qd6 21. Na4 Re7 22. Nc5 Nb6 23. a4 h5 24.
b5 cxb5 25. axb5 a5 26. Ra1 Ng4 27. Nf3 Nc4 28. e4 b6 29. e5 Ngxe5 30. Nxe5 Nxe5 31. dxe5 Qxc5 32. Rfc1 Qb4 33. Qxd5 Rae8 34. f4 h4 35. Rc4 Qb2 36. Rf1 hxg3 37. Qd3 Qxb5 38. Qc3 Kg8 39. Rc6 Rd7 40. Rf6 Qc5+ 41. Qxc5 bxc5 42. Rc6 Rb8 43. Rxc5 Rd3 44. f5 Rb2 45. fxg6 fxg6 46. Rc8+ Kg7 47. e6 Rdd2 48. Rf7+ Kh6 49. Rh8+ Kg5 50.
e7 Rxg2+ 51. Kh1 Rgc2 52. Rf5+ gxf5 53. Rf8 Kg4 54. Rg8+ Kf3 55. e8=Q Rc1+ 0-1

[Event "*** SCC Grand Prix: Titled Tuesday Blitz"]
[Site "Chess.com"]
[Date "2020.08.11"]
[Round "5"]
[White "DACF2905"]
[Black "Unknown_IM"]
[Result "1/2-1/2"]
[WhiteElo "2227"]
[BlackElo "2386"]
[TimeControl "180+1"]
[EndTime "10:57:03 PDT"]
[Termination "Game drawn by repetition"]

1. c4 c5 2. Nc3 Nc6 3. g3 g6 4. Bg2 Bg7 5. e3 d6 6. Nge2 Nf6 7. O-O O-O 8. d4 Bd7 9. d5 Na5 10. b3 a6 11. a4 Rb8 12. Qc2 b5 13. axb5 axb5 14.
Qa2 Ra8 15. cxb5 Nxb3 16. Qxa8 Qxa8 17. Rxa8 Rxa8 18. Bb2 Rb8 19. Rb1 Bxb5 20. Nxb5 Rxb5 21. Nc3 Rb8 22. Ba3 Nd7 23. Ne4 Na5 24. Rxb8+ Nxb8 25. Bf1 Nd7 26. Bb5 Nb6 27. Bc6 Nbc4 28. Bc1 Nb3 29.
Bb5 Nb6 30. Bd2 Nxd2 31. Nxd2 Nxd5 32. e4 Nc3 33. Bc4 Kf8 34. Kf1 Na4 35. Ke2 Nb6 36. Bb5 e6 37. f3 Ke7 38. Nc4 Nxc4 39. Bxc4 Kd7 40. Kd3 Kc6 41. Kc2 d5 42. Bb3 c4 43.
Ba4+ Kc5 44. Be8 f5 45. Bf7 fxe4 46. fxe4 dxe4 47. Bxe6 Kd4 48. Bg8 h5 49. Bf7 e3 50.
Kd1 h4 51. Bxg6 hxg3 52. hxg3 Be5 53. g4 Bf4 54. Ke2 Kc3 55. Be4 Bg5 56. Bd5 Kd4 57. Bf7 Kc3 58. Bd5 Kb4 59. Kd1 c3 60. Bf3 Kb3 61. Bd5+ Kb2 62. Be4 Bf4 63. Bf5 Bg5 64.
Be4 Kb3 65. Bf5 Kc4 66. Ke2 Kd4 67. Bc2 Kc4 68. Bf5 Kb3 69. Kd1 Kb2 70. Ke2 Kb3 71. Kd1 1/2-1/2

[Event "*** SCC Grand Prix: Titled Tuesday Blitz"]
[Site "Chess.com"]
[Date "2020.08.11"]
[Round "5"]
[White "GadimbayliA"]
[Black "Shahinyan_ChessMood"]
[Result "1-0"]
[WhiteElo "2861"]
[BlackElo "2698"]
[TimeControl "180+1"]
[EndTime "10:57:10 PDT"]
[Termination "GadimbayliA won by checkmate"]

1. e4 d6 2. d4 Nf6 3. Nc3 e5 4.
dxe5 dxe5 5. Qxd8+ Kxd8 6. Nf3 Bd6 7. Bg5 Be6 8. O-O-O Nd7 9. Bb5 Kc8 10. Rhe1 a6 11.
Ba4 h6 12. Bxf6 Nxf6 13. Bb3 Bxb3 14. axb3 Rd8 15. Rd3 c6 16. Nh4 g6 17. Red1 Kc7 18. g3 Be7 19. Ng2 Rxd3 20. Rxd3 Rd8 21.
Rxd8 Kxd8 22. f3 Bc5 23. Kd2 Bg1 24. h3 Bf2 25. g4 Nh7 26. Nd1 Bb6 27. h4 Ke7 28. c3 Nf8 29. b4 Ne6 30. b3 Bd8 31. Nb2 b5 32. Nd3 Kd6 33. Nb2 h5 34. Nd3 Bb6 35. Ke2 a5 36. bxa5 Bxa5 37. b4 Bb6 38.
gxh5 gxh5 39. f4 exf4 40. Ngxf4 Nxf4+ 41. Nxf4 Bd8 42. Nxh5 Ke5 43. Kd3 Bxh4 44. Ng7 Bf6 45. Nf5 Ke6 46. Ne3 Bg5 47. Nc2 Bd8 48. Nd4+ Kd6 49.
Nf5+ Ke5 50. Nh6 Ke6 51. Nf5 Bb6 52. Nd4+ Kd6 53. Ke2 f6 54. Nf5+ Ke5 55. Kd3 c5 56. bxc5 Bxc5 57. Nd4 Bxd4 58. cxd4+ Kd6 59. Kc3 Kc7 60.
Kb4 Kb6 61. d5 Ka6 62. Kc5 b4 63. Kxb4 Kb6 64. Kc4 Kc7 65. Kc5 Kd7 66. d6 Kd8 67.
Kd5 Kd7 68. Kc5 Kd8 69. Kc6 Kc8 70.
d7+ Kd8 71. Kd6 f5 72. e5 f4 73. e6 f3 74. e7# 1-0

[Event "*** SCC Grand Prix: Titled Tuesday Blitz"]
[Site "Chess.com"]
[Date "2020.08.11"]
[Round "5"]
[White "Gusarov91"]
[Black "SRDR8290"]
[Result "1-0"]
[WhiteElo "2649"]
[BlackElo "2394"]
[TimeControl "180+1"]
[EndTime "10:57:12 PDT"]
[Termination "Gusarov91 won by resignation"]

1. d4 e6 2. Nf3 Nf6 3. c4 d5 4. g3 c5 5. cxd5 Nxd5 6. Bg2 Be7 7.
O-O O-O 8. Nc3 Nxc3 9. bxc3 Nd7 10. Rb1 Qc7 11. Bf4 Bd6 12. Bxd6 Qxd6 13. e4 Rb8 14. e5 Qc7 15. Qd3 Rd8 16. Ng5 Nf8 17. Qc4 b6 18. dxc5 Qxe5 19. c6 Qc7 20. h4 h6 21. Nf3 Ng6 22. Nd4 a6 23. Rfe1 e5 24.
h5 Nf8 25. Nf3 b5 26. Qc5 f6 27. c4 Bf5 28. Rbd1 Ne6 29. Qa3 bxc4 30. Rxd8+ Nxd8 31. Qxa6 Qxc6 32. Qxc6 Nxc6 33. Nh4 Bd7 34. Bd5+ Kf8 35.
Ng6+ Ke8 36. Bxc4 Nd4 37. Bd5 Be6 38. Bxe6 Nf3+ 39. Kf1 Nxe1 40. Kxe1 Rb1+ 41. Ke2 Rb2+ 42. Kf3 Rb6 43. Bb3 Rb4 44. g4 Rd4 45. Kg3 Rd3+ 46.
Kg2 Rd4 47. Kf3 Rd3+ 48. Ke2 Rd4 49. f3 Rb4 50. Ke3 Rb6 51. Nh4 Rb4 52. Nf5 Kf8 53. Nd6 Rb6 54. Nc4 Rb7 55. Ke4 Rb5 56. Nd6 Rb4+ 57.
Bc4 Rb2 58. Nf5 Rc2 59. Bb3 Rc3 60. f4 exf4 61. Kxf4 Rc1 62. Nh4 Rf1+ 63. Kg3 Ke7 64. Nf5+ Kf8 65. Nd4 Rg1+ 66. Kf3 Rf1+ 67. Kg2 Re1 68. Kf2 Rc1 69. Ne6+ Kg8 70. Kf3 Kh8 71. Nf4 Rc3+ 72. Ke4 Rg3 73. Ng6+ Kh7 74. Kf4 Rg1 75. Bf7 f5 76. Kxf5 Rf1+ 77. Ke6 Re1+ 78. Kd7 Re7+ 79.
Nxe7 1-0

[Event "*** SCC Grand Prix: Titled Tuesday Blitz"]
[Site "Chess.com"]
[Date "2020.08.11"]
[Round "5"]
[White "TimofeevAr"]
[Black "Alexsur1981"]
[Result "0-1"]
[WhiteElo "2851"]
[BlackElo "2598"]
[TimeControl "180+1"]
[EndTime "10:57:14 PDT"]
[Termination "Alexsur1981 won by resignation"]

1. e4 c5 2. Nf3 e6 3. d4 cxd4 4. Nxd4 Nf6 5. Nc3 Nc6 6. Ndb5 Bc5 7. Bf4 O-O 8. Bc7 Qe7 9. Bd6 Bxd6 10. Qxd6 Qd8 11.
O-O-O a6 12. Nd4 Qb6 13. Nxc6 bxc6 14. f3 Ne8 15. Qd4 Qxd4 16. Rxd4 d5 17. Rd2 Nf6 18. Bd3 a5 19. Re1 Ba6 20. b3 Rfc8 21. Kb2 Kf8 22. Na4 Nd7 23. c4 Ne5 24. Nb6 dxc4 25. Bxc4 Rcb8 26.
Bxa6 Rxb6 27. Bf1 a4 28. Rc1 axb3 29. axb3 Ke7 30. h4 h6 31. f4 Nd7 32. e5 Rab8 33. Rc3 f6 34. exf6+ Nxf6 35. Rdc2 Nd5 36. Rf3 Rf8 37.
Rcf2 Kd6 38. g3 Rb7 39. Bh3 Ra7 40. Re2 Rfa8 41. Rxe6+ Kc5 42. Kc2 Ra2+ 43. Kd3 R8a3 44. Ke4 Rh2 45. Bf1 Ra5 46. Kf5 Ra7 47. Bc4 Ne7+ 48.
Kg4 Rd2 49. h5 Kb4 50. Rfe3 Ng8 51. Kf5 Nf6 52. g4 Rg2 53. Be2 Nd5 54. R3e4+ Kxb3 55. Bc4+ Kc3 56. Bxd5 cxd5 57. Re3+ Kc4 58. R3e5 d4 59.
Rc6+ Kd3 60. g5 Rf7+ 61. Kg6 Rxf4 62. Kxg7 hxg5 63. h6 Rh4 64. h7 Rgh2 65. Rxg5 Rxh7+ 66. Kg8 Rh8+ 67. Kg7 R2h7+ 68. Kf6 Rh6+ 69. Rg6 Rxg6+ 70. Kxg6 Re8 71. Kf5 Re3 72. Kf4 Kd2 73. Rd6 d3 74.
Ra6 Re8 75. Ra2+ Kc3 76. Ra3+ Kc2 77. Ra2+ Kb3 78. Rh2 Kc3 79. Rh1 d2 80. Rg1 Re1 0-1

[Event "*** SCC Grand Prix: Titled Tuesday Blitz"]
[Site "Chess.com"]
[Date "2020.08.11"]
[Round "5"]
[White "Noam_Vitenberg"]
[Black "AniJak"]
[Result "1-0"]
[WhiteElo "2501"]
[BlackElo "2326"]
[TimeControl "180+1"]
[EndTime "10:57:16 PDT"]
[Termination "Noam_Vitenberg won by resignation"]

1. d4 d5 2. c4 c6 3. Nf3 Nf6 4. Nc3 e6 5. Bg5 h6 6. Bh4 g5 7. Bg3 dxc4 8. e4 b5 9. Be2 Bb4 10. Qc2 Bb7 11. h4 g4 12. Ne5 h5 13. O-O Nbd7 14. Rfd1 O-O 15. f3 gxf3 16. Bxf3 Be7 17. Ne2 Qb6 18. Nxd7 Nxd7 19. Nf4 e5 20. Nxh5 exd4 21.
Qd2 c5 22. Rf1 Qg6 23. Rae1 Nf6 24. Nxf6+ Bxf6 25. Qf4 Bg7 26. h5 Qh6 27. Qc7 Bc6 28. e5 Bxf3 29. Rxf3 d3 30. Qxc5 d2 31. Rd1 Rad8 32.
Qxb5 Qxh5 33. Qxc4 Qg6 34. Bf4 Rfe8 35. Rg3 Qb6+ 36. Be3 Qe6 37. Qxe6 Rxe6 38. Rxd2 Rxd2 39. Bxd2 Kh7 40. Rf3 Kg6 41. Rg3+ Kh7 42. Bc3 Bxe5 43.
Rh3+ Kg6 44. Bxe5 Rxe5 45. Ra3 a5 46. Kf2 Rb5 47. Kf3 Rxb2 48. Rxa5 Rb1 49. a4 Ra1 50. Ra7 Ra3+ 51. Kf4 Ra2 52. g4 Ra1 53. a5 Rf1+ 54. Kg3 Rg1+ 55. Kf3 Ra1 56. a6 Kg7 57. Ra8 Ra3+ 58.
Kf4 Ra4+ 59. Kf5 Ra5+ 60. Kf4 Ra4+ 61. Kf3 Ra3+ 62. Ke4 Ra4+ 63. Kd5 Rxg4 64. Kc6 Ra4 65. Kb6 Ra1 66. Rd8 Rb1+ 67. Kc6 Rc1+ 68. Kb7 Rb1+ 69. Ka8 f5 70. a7 Ra1 71. Kb7 Rb1+ 72.
Kc7 Rc1+ 73. Kb6 Rb1+ 74. Kc5 Rc1+ 75. Kb4 Rb1+ 76. Kc3 Ra1 77. a8=Q Rxa8 78. Rxa8 Kf6 79. Kd3 Ke5 80. Ke3 f4+ 81. Kf3 Kd4 82. Ra4+ Kc3 83. Rxf4 Kb3 84. Re4 Kc3 85. Kf4 Kc2 86. Ke5 Kd3 87.
Kd5 Kc3 88. Rd4 Kc2 89. Kc4 1-0

[Event "*** SCC Grand Prix: Titled Tuesday Blitz"]
[Site "Chess.com"]
[Date "2020.08.11"]
[Round "5"]
[White "Brave_spirit12"]
[Black "UmbertoConcelli"]
[Result "1-0"]
[WhiteElo "2532"]
[BlackElo "2699"]
[TimeControl "180+1"]
[EndTime "10:57:18 PDT"]
[Termination "Brave_spirit12 won by checkmate"]

1. e4 c5 2. c3 Nf6 3. e5 Nd5 4. Nf3 e6 5. d4 cxd4 6. cxd4 d6 7. Nc3 Nxc3 8. bxc3 Nc6 9. Bb5 Be7 10. O-O O-O 11.
exd6 Qxd6 12. Be3 b6 13. Re1 Bb7 14. Qd2 Rac8 15. Bf4 Qd5 16. Bd3 Na5 17. Be4 Qd8 18.
Bxb7 Nxb7 19. Ne5 Bf6 20. Rad1 Na5 21. Qd3 Qd5 22. c4 Nxc4 23. Ng4 Be7 24. Qg3 Kh8 25.
h4 Bb4 26. Re2 Nd6 27. Re5 Nf5 28. Qd3 Qc4 29. Qe4 Qc2 30. Qxc2 Rxc2 31. d5 Rc4 32. g3 Nxh4 33. dxe6 Nf3+ 34. Kg2 Nxe5 35. Nxe5 Rxf4 36. gxf4 fxe6 37. Rd7 a5 38. Rb7 Rxf4 39. Rxb6 Rxf2+ 40. Kg3 Rf8 41. Rxe6 g6 42. Nc6 Kg7 43. Re4 Bd6+ 44. Kg2 Rc8 45. Rc4 a4 46. Kf3 a3 47.
Ke4 h5 48. Kd5 Bf8 49. Ra4 Rc7 50. Ne5 Rc5+ 51. Ke4 Rb5 52. Ra6 Rb4+ 53. Kd5 Rb5+ 54. Ke4 Kh7 55. Nxg6 Bg7 56. Ne7 Rb4+ 57. Kf3 h4 58.
Nf5 h3 59. Ra7 h2 60. Rxg7+ Kh8 61. Kg2 h1=Q+ 62. Kxh1 Rb1+ 63. Kh2 Rf1 64. Rf7 Rf2+ 65. Kg3 Rxa2 66. Ra7 Kg8 67. Ne7+ Kf7 68. Nd5+ Ke6 69. Nc3 Rc2 70. Rxa3 Ke5 71. Kf3 Kd4 72. Ne2+ Kc4 73.
Re3 Kc5 74. Re5+ Kc4 75. Re4+ Kd3 76. Rd4# 1-0

[Event "*** SCC Grand Prix: Titled Tuesday Blitz"]
[Site "Chess.com"]
[Date "2020.08.11"]
[Round "5"]
[White "chesslh19"]
[Black "Zarikovs1999"]
[Result "1/2-1/2"]
[WhiteElo "2178"]
[BlackElo "2367"]
[TimeControl "180+1"]
[EndTime "10:57:18 PDT"]
[Termination "Game drawn by repetition"]

1. e4 g6 2. d4 Bg7 3. Nc3 d6 4.
f4 Nc6 5. d5 Nd4 6. Be3 c5 7.
Nge2 Qb6 8. Rb1 Bg4 9. h3 Bxe2 10.
Bxe2 Nxe2 11. Kxe2 Nf6 12. Qd3 O-O 13. Rhe1 e6 14. Kf3 exd5 15. Nxd5 Nxd5 16. Qxd5 Rfe8 17.
g4 Rad8 18. c3 Qc7 19. Rbd1 Qe7 20. Bf2 b6 21. Bg3 Kh8 22. Kg2 h6 23. Qd3 h5 24.
Re2 Rg8 25. g5 Rge8 26. Rde1 Qb7 27. Qd5 Qc7 28. h4 Qc8 29. Qd3 Qg4 30. Qf3 Qd7 31. Qd3 Qc6 32. Qf3 Qa4 33. a3 Qc4 34. Kh2 Rd7 35.
Rd1 d5 36. Qd3 Qxd3 37. Rxd3 Red8 38. exd5 Rxd5 39. Rxd5 Rxd5 40. Re8+ Kh7 41. Re7 Rd2+ 42. Kg1 Rxb2 43. Rxf7 Rb3 44. Rxa7 Rxc3 45. Kg2 Kg8 46. Rb7 Rb3 47. a4 c4 48. Bf2 c3 49. Rxb6 Ra3 50.
Rb8+ Kf7 51. Rb7+ Kg8 52. Rb8+ Kh7 53. Rc8 Ra2 54. Kf3 Bh8 55. Be3 Bg7 56. Rc7 c2 57. Ke4 Rxa4+ 58. Kd3 Ra2 59. Rxc2 Ra3+ 60. Ke2 Ra4 61.
Kf3 Ra6 62. Rc4 Rd6 63. Re4 Rc6 64. Re8 Rc7 65. Re4 Rd7 66. Re8 Rc7 67. Re4 Kg8 68. Re8+ Kf7 69. Re4 Rd7 70. Ra4 Rd1 71. Ra7+ Kg8 72.
Ra8+ Kh7 73. Ra7 Rf1+ 74. Kg2 Rd1 75. Kf3 Rf1+ 76. Kg2 Rd1 77. Kf3 1/2-1/2

[Event "*** SCC Grand Prix: Titled Tuesday Blitz"]
[Site "Chess.com"]
[Date "2020.08.11"]
[Round "5"]
[White "penguingm1"]
[Black "Man-Chuk"]
[Result "1-0"]
[WhiteElo "3012"]
[BlackElo "2838"]
[TimeControl "180+1"]
[EndTime "10:57:19 PDT"]
[Termination "penguingm1 won by resignation"]

1. d4 Nf6 2. c4 e6 3. Nc3 Bb4 4. Qc2 O-O 5. Nf3 c5 6. dxc5 Na6 7. g3 Nxc5 8. Bg2 b6 9. O-O Bb7 10. Nb5 Be4 11. Qd1 Nb7 12. a3 Be7 13. Bf4 Rc8 14.
Rc1 a6 15. Nc3 Bc6 16. b4 b5 17. cxb5 axb5 18. Nd4 Qb6 19. Qd3 Bxg2 20. Kxg2 Nd6 21. Ncxb5 Nxb5 22. Nxb5 Nd5 23. Bd2 f5 24. Nd4 Ra8 25.
Rfd1 Qa6 26. Qxa6 Rxa6 27. Nc2 Rb8 28. Rb1 Kf7 29. Rb3 g5 30. Ne3 Nf6 31. Nc4 d6 32.
Bxg5 Nd5 33. Bxe7 Kxe7 34. Ne3 Nf6 35. Rc1 Kd7 36. Nc4 Nd5 37. Rd3 Rc6 38. Rd2 Rbc8 39. Rdc2 R6c7 40. Kg1 Ra8 41. f3 Ke7 42. Kf2 Nf6 43.
Na5 Rd7 44. Rc7 Nd5 45. Rxd7+ Kxd7 46. Rc2 h5 47. Rd2 Rc8 48. Rb2 Rc3 49. Ra2 f4 50.
b5 Rc5 51. a4 Nc3 52. Ra1 fxg3+ 53. hxg3 Nd5 54. Nc6 Nb6 55. g4 hxg4 56. fxg4 Rc4 57. a5 Nd5 58. a6 Nc7 59. a7 Na8 60. Rh1 Rxg4 61. Rh7+ Kc8 62. Rh8+ Kb7 63. Rb8+ Kc7 64. Rxa8 Ra4 65. Rh8 1-0

[Event "*** SCC Grand Prix: Titled Tuesday Blitz"]
[Site "Chess.com"]
[Date "2020.08.11"]
[Round "5"]
[White "MrChampion_Coach"]
[Black "Dinamo81"]
[Result "1-0"]
[WhiteElo "2444"]
[BlackElo "2627"]
[TimeControl "180+1"]
[EndTime "10:57:20 PDT"]
[Termination "MrChampion_Coach won by resignation"]

1. e4 e6 2. d4 d5 3. e5 c5 4. c3 Ne7 5. Na3 Nec6 6. Nc2 b6 7. a4 a5 8. Nf3 Ba6 9. Bxa6 Nxa6 10. Qe2 Be7 11. h4 h6 12. h5 Qc8 13. Bf4 cxd4 14. Nfxd4 Nxd4 15. Nxd4 Nc5 16. Rh3 Ne4 17. Kf1 Qc4 18.
Qxc4 dxc4 19. Nb5 O-O 20. Be3 Bc5 21. Rh4 f5 22. exf6 Ng3+ 23. fxg3 Bxe3 24. Ke2 Bc5 25. Rf1 Rxf6 26. Rxf6 gxf6 27. Rxc4 Kf7 28. Rg4 f5 29. Rg6 Rg8 30. Rxh6 Rxg3 31. Kf1 Rg4 32. Nc7 Rf4+ 33. Ke2 Rf2+ 34. Kd3 Rxg2 35. Nxe6 Be7 36. Nf4 Rxb2 37. Rh7+ Ke8 38. h6 Rh2 39. Nd5 Bg5 40. Nc7+ Kf8 41. Ne6+ Kg8 42. Rg7+ Kh8 43. Rxg5 Rxh6 44. Nc7 Rh4 45. c4 Rh3+ 46. Kd4 Ra3 47. Rxf5 Rxa4 48. Rb5 Ra1 49. Rxb6 a4 50. Ra6 a3 51. Kc3 Kg7 52.
Nb5 a2 53. Kb2 Rh1 54. Rxa2 Kf6 55. Kb3 Ke6 56. Rd2 Rb1+ 57. Kc3 Ke7 58. Kd4 Rh1 59.
Kc5 Rh5+ 60. Rd5 Rh6 61. Nd4 Ke8 62. Nc6 Rh4 63. Rd4 Rh1 64. Kd6 Kf7 65. Re4 Rh6+ 66. Kc7 Rh5 67. Re5 Rh4 68. c5 Rc4 69. Rd5 Ke6 70.
Re5+ Kf6 71. Kd6 Rc1 72. Re4 Rd1+ 73. Rd4 Rc1 74. Rf4+ Kg5 75. Rf2 Rd1+ 76. Ke6 Rc1 77. Kd5 Rd1+ 78. Nd4 Kg6 79. c6 Rc1 80. Rc2 1-0

[Event "*** SCC Grand Prix: Titled Tuesday Blitz"]
[Site "Chess.com"]
[Date "2020.08.11"]
[Round "5"]
[White "Oligan22"]
[Black "Jadeit90"]
[Result "1/2-1/2"]
[WhiteElo "2435"]
[BlackElo "2244"]
[TimeControl "180+1"]
[EndTime "10:57:22 PDT"]
[Termination "Game drawn - insufficient material"]

1. e4 g6 2. d4 Bg7 3. Nc3 c5 4. Nf3 cxd4 5. Nxd4 Nc6 6. Be3 Nf6 7. Bc4 O-O 8. Bb3 a5 9. O-O a4 10. Nxa4 Nxe4 11.
Nb5 d6 12. c4 Ra6 13. Qe2 Nf6 14. Rfd1 Be6 15. Nc5 Ra8 16. Nxe6 fxe6 17. Rac1 Kh8 18. h3 Na5 19. Bc2 Rc8 20. b3 Nc6 21. Bb1 Qe8 22.
Bg5 Qf7 23. Re1 e5 24. Rcd1 Nh5 25. Be4 Nf4 26. Qf3 h6 27. Bxf4 exf4 28. Bd5 Qf6 29. Re6 Qg5 30. h4 Qxh4 31. Qe4 Ne5 32. Bxb7 Rb8 33.
Bd5 Ng4 34. Qf3 Rf5 35. Rxg6 Rh5 36. g3 Qh2+ 37. Kf1 Ne5 38. Qe4 Nxg6 39. Qxg6 fxg3 40. Qxg3 Rf8 41. Qxh2 Rxh2 42. Rd2 Rh3 43. Ke2 h5 44. Nc7 Rf5 45. Ne6 Re5+ 46. Kf1 Bf6 47. Kg2 Rc3 48. Nf8 Kg7 49. Ne6+ Kh6 50. Nf4 h4 51. f3 Bg5 52.
Rd4 Bxf4 53. Rxf4 Re2+ 54. Kh3 Rxa2 55. Rxh4+ Kg5 56. Rg4+ Kf6 57. Rf4+ Kg5 58. Rg4+ Kf6 59. Re4 Rxf3+ 60. Kg4 Rxb3 61. Re6+ Kg7 62. Rxe7+ Kf8 63. Rd7 Rbb2 64. Rxd6 Ke7 65. Re6+ Kd7 66. Rh6 Rd2 67.
Rh7+ Kd6 68. Rh6+ Kc5 69. Rc6+ Kd4 70. Rd6 Kc5 71. Rd8 Ra4 72. Kf5 Rxc4 73. Rc8+ Kxd5 74.
Rd8+ Kc5 75. Rxd2 Kb5 76. Rb2+ Kc5 77. Re2 Kb4 78. Re4 Rxe4 79. Kxe4 1/2-1/2

[Event "*** SCC Grand Prix: Titled Tuesday Blitz"]
[Site "Chess.com"]
[Date "2020.08.11"]
[Round "5"]
[White "Karina_Ivanova"]
[Black "Na_binci"]
[Result "0-1"]
[WhiteElo "2204"]
[BlackElo "1983"]
[TimeControl "180+1"]
[EndTime "10:57:22 PDT"]
[Termination "Na_binci won on time"]

1. d4 Nf6 2. Nf3 g6 3. g3 Bg7 4. Bg2 O-O 5. O-O d6 6. c4 c5 7. Nc3 Nc6 8. dxc5 dxc5 9. Bf4 Nh5 10. Be3 Nd4 11. Qd2 Be6 12. b3 Qc8 13. Rfd1 Rd8 14. Qc1 Rb8 15. Rb1 Bf5 16. Rb2 Nxf3+ 17. Bxf3 Rxd1+ 18. Nxd1 Bxb2 19. Qxb2 Ng7 20. Qe5 b6 21. Qxe7 Qd8 22.
Qxd8+ Rxd8 23. Nc3 Ne6 24. Nd5 Nd4 25. Kg2 Nxf3 26.
Kxf3 Bb1 27. a3 Bc2 28. b4 cxb4 29. Nxb4 Bb3 30. c5 bxc5 31. Bxc5 Rc8 32. Bxa7 Ra8 33. Bc5 Rxa3 34. Nd3 Ra8 35. h4 Bd5+ 36. Kf4 Bc4 37.
Kf3 Re8 38. Nf4 f5 39. e3 Bb5 40. Bd4 Bc6+ 41. Ke2 Ra8 42. Nd3 Ra2+ 43. Nb2 Be4 44. f3 Bd5 45. Kd3 Kf7 46. Ke2 Bc4+ 47. Kf2 Bd5 48.
g4 fxg4 49. fxg4 h6 50. g5 h5 51. Kg3 Ra3 52. Kf4 Be6 53. Nd1 Ra2 54. Nb2 Ra1 55. Nd3 Rf1+ 56. Kg3 Rd1 57. Ne5+ Kf8 58. Nxg6+ Kg8 59.
Nf4 Bg4 60. g6 Rg1+ 61. Kh2 Rb1 62. Nd5 Rc1 63. Nf6+ Kg7 64. Nxg4+ Kxg6 65. Ne5+ Kf5 66. Kg3 Rg1+ 67. Kf2 Rh1 68. Kg3 Rg1+ 69. Kh2 Re1 70. Kg2 Re2+ 71. Kf3 Re1 72. Nf7 Rf1+ 73. Kg2 Re1 74. Ng5 Kg4 75. Nf3 Re2+ 76. Kf1 Kxf3 77. Bc5 Rh2 0-1

[Event "*** SCC Grand Prix: Titled Tuesday Blitz"]
[Site "Chess.com"]
[Date "2020.08.11"]
[Round "5"]
[White "smshk35"]
[Black "serena-maria"]
[Result "1-0"]
[WhiteElo "2494"]
[BlackElo "2281"]
[TimeControl "180+1"]
[EndTime "10:57:25 PDT"]
[Termination "smshk35 won by checkmate"]

1. e4 c5 2. Nf3 d6 3. d4 cxd4 4. Nxd4 Nf6 5. Nc3 g6 6. Be3 Bg7 7. f3 O-O 8. Qd2 Nc6 9. O-O-O Nxd4 10. Bxd4 Be6 11. g4 Qa5 12. h4 Rfc8 13. a3 Rab8 14.
h5 b5 15. Nd5 Qxd2+ 16. Rxd2 Bxd5 17. exd5 Bh6 18. Bxf6 exf6 19. Bd3 Bxd2+ 20. Kxd2 Rc5 21. Be4 b4 22. axb4 Rxb4 23. b3 a5 24. Ra1 Kg7 25. Ke3 Kh6 26. hxg6 fxg6 27. Kd3 Kg5 28. Ke3 f5 29. gxf5 gxf5 30. Rg1+ Kf6 31. Bd3 Rxd5 32. Rh1 f4+ 33. Kd2 h5 34. Kc3 Rc5+ 35. Kb2 a4 36. Ka3 Rd4 37. bxa4 Ra5 38. Bb5 Kg5 39. c3 Rd2 40.
Kb4 Ra8 41. Rg1+ Kh4 42. a5 Rb2+ 43. Kc4 Rxa5 44. Bd7 Rc5+ 45. Kd3 Rf2 46. Ke4 Rc4+ 47. Kf5 Rxc3 48. Kxf4 Rcxf3+ 49. Ke4 Rf4+ 50. Kd5 Rg4 51. Rh1+ Kg3 52. Rxh5 Rg6 53. Be8 Rgf6 54. Rg5+ Kf3 55. Bh5+ Ke3 56. Rg3+ Kd2 57. Bg6 Kc1 58. Rc3+ Kd2 59.
Rg3 R2f3 60. Rg2+ Rf2 61. Rg5 Ke3 62. Be4 Kd2 63. Rg3 Ke2 64. Rg8 R2f4 65. Rg2+ Ke3 66. Bb1 Rf3 67. Be4 Rf2 68. Rg3+ Kd2 69. Rd3+ Kc1 70.
Rc3+ Kb2 71. Rc4 Kb3 72. Rd4 Kc3 73. Rd3+ Kb2 74. Kc4 Kc1 75. Rc3+ Kd1 76. Kd3 Rd2+ 77. Ke3 d5 78. Bf3+ Ke1 79. Rc1+ Rd1 80. Rxd1# 1-0

[Event "*** SCC Grand Prix: Titled Tuesday Blitz"]
[Site "Chess.com"]
[Date "2020.08.11"]
[Round "5"]
[White "Kildepiotr"]
[Black "kakarot_001"]
[Result "1-0"]
[WhiteElo "2628"]
[BlackElo "2804"]
[TimeControl "180+1"]
[EndTime "10:57:28 PDT"]
[Termination "Kildepiotr won by resignation"]

1. Nf3 Nf6 2. g3 b6 3. Bg2 Bb7 4. O-O e6 5. c4 Be7 6. Nc3 O-O 7. d3 d6 8. e4 e5 9. Nh4 Re8 10. Nf5 Bf8 11. f4 Nbd7 12. g4 g6 13. Ng3 exf4 14.
Bxf4 Bg7 15. g5 Nh5 16. Nxh5 gxh5 17. Qxh5 Re6 18. Bh3 Rg6 19. Bf5 Bd4+ 20. Kh1 Rg7 21. Ne2 Bxb2 22. Rab1 Be5 23. Rg1 Qe7 24. Rbe1 Re8 25.
d4 Bxf4 26. Nxf4 Nf8 27. h4 Ng6 28. Qg4 Nxf4 29. Qxf4 Bc8 30. Bxc8 Rxc8 31. e5 Qe6 32. d5 Qh3+ 33. Qh2 Qd3 34. Qf4 Rf8 35. Rg3 dxe5 36. Rxe5 Qb1+ 37. Kh2 Qxa2+ 38. Rg2 Qa3 39.
Rge2 Qd6 40. Qf6 Qxf6 41. gxf6 Rg4 42. Rg2 Rxg2+ 43. Kxg2 a5 44. Kf3 a4 45. Re3 Ra8 46.
Ra3 Kf8 47. Kf4 Ke8 48. Kg5 Kd7 49. Kh6 c6 50. dxc6+ Kxc6 51. Kxh7 Kc5 52. Kg7 Kxc4 53. Kxf7 b5 54. Kg7 b4 55. Ra1 a3 56. f7 Kb3 57. f8=Q Rxf8 58. Kxf8 Kb2 59. Rg1 a2 60. h5 a1=Q 61. Rxa1 Kxa1 62. h6 b3 63. h7 b2 64.
h8=Q Ka2 65. Qh2 Ka1 66. Qe5 Ka2 67. Qa5+ Kb3 68. Qb5+ Kc2 69. Qc4+ Kb1 70. Ke7 Ka1 71. Qa4+ Kb1 72. Kd6 Kc1 73. Qc4+ Kd2 74. Qb3 Kc1 75.
Qc3+ Kb1 76. Kc5 Ka2 77. Qc2 Ka3 78. Qb1 Kb3 79. Kd4 Kb4 80. Kd3 Ka5 1-0

[Event "*** SCC Grand Prix: Titled Tuesday Blitz"]
[Site "Chess.com"]
[Date "2020.08.11"]
[Round "5"]
[White "Yoshikrov"]
[Black "Keures"]
[Result "1-0"]
[WhiteElo "2145"]
[BlackElo "2294"]
[TimeControl "180+1"]
[EndTime "10:57:31 PDT"]
[Termination "Yoshikrov won on time"]

1. e4 e6 2. d4 d5 3. Nd2 Nf6 4. e5 Ne4 5. Nxe4 dxe4 6. c3 c5 7. Ne2 Nc6 8. g3 cxd4 9. cxd4 Bb4+ 10. Bd2 Bxd2+ 11. Qxd2 O-O 12. Bg2 Qb6 13. O-O Rd8 14. Bxe4 Nxe5 15. Qg5 Nc6 16. Qh4 h6 17. Rfd1 Bd7 18.
d5 exd5 19. Bxd5 Nb4 20. Bb3 Bc6 21. Nf4 Bf3 22. Rxd8+ Qxd8 23. Qxd8+ Rxd8 24. a3 Nc6 25. Re1 Rd2 26. h4 Rxb2 27. Bd5 Bxd5 28. Nxd5 Rb3 29. Re8+ Kh7 30. a4 Ra3 31. Rf8 f6 32. Rc8 Rxa4 33.
Rc7 Kg6 34. Rxb7 Ne5 35. Nf4+ Rxf4 36. gxf4 Nd3 37. Rxa7 Nxf4 38. Kh2 Ne6 39. Ra5 f5 40. Kg3 Kf6 41. f3 g5 42. hxg5+ hxg5 43. Rb5 Kg6 44. Rb6 Kf6 45. Rb5 Nf4 46. Rb6+ Ke5 47. Rb5+ Nd5 48. Ra5 Kd4 49. Rb5 Ke5 50. Ra5 Kd6 51. Rb5 Ke6 52.
Ra5 Ke5 53. Rb5 Ke6 54. Ra5 Nf6 55. Ra6+ Kf7 56. Rb6 Kg6 57. Ra6 f4+ 58. Kf2 Kf5 59. Ra5+ Ke6 60. Ra6+ Ke5 61. Ra5+ Nd5 62. Rb5 Ke6 63. Ra5 Kd6 64. Ra6+ 1-0